 Dungeon Crawl Stone Soup version 0.26-a0-651-gb41185065b (webtiles) character file.

Game seed: 15637570528812343749

519 Glalom the Chiller (level 7, -2/36 HPs)
             Began as a Deep Elf Ice Elementalist on Oct 18, 2020.
             Was an Initiate of Qazlal.
             Killed from afar by an orc wizard (6 damage)
             ... with a magic dart
             ... on level 4 of the Dungeon.
             The game lasted 00:17:16 (4739 turns).

Glalom the Chiller (Deep Elf Ice Elementalist)      Turns: 4739, Time: 00:17:17

Health: -2/36      AC:  6    Str:  5    XL:     7   Next: 1%
Magic:  9/15       EV: 15    Int: 22    God:    Qazlal [......]
Gold:   167        SH:  0    Dex: 15    Spells: 8/15 levels left

rFire    + . .     SeeInvis .   a - +0 dagger
rCold    + . .     Faith    .   (no shield)
rNeg     . . .     Spirit   .   A - +2 animal skin
rPois    .         Reflect  .   B - +0 helmet
rElec    .         Harm     .   h - scarf {rC+ rF+}
rCorr    .         Rampage  .   (no gloves)
MR       .....                  d - +0 pair of boots
Stlth    ++........             (no amulet)
HPRegen  0.12/turn              (no ring)
MPRegen  0.14/turn              (no ring)

@: no status effects
A: no striking features
a: Renounce Religion


You were on level 4 of the Dungeon.
You worshipped Qazlal.
Qazlal was noncommittal.
You visited 1 branch of the dungeon, and saw 4 of its levels.
You also visited: Sewer.

You collected 167 gold pieces.

Inventory:

Hand Weapons
 a - a +0 dagger (weapon)
 b - a +0 hunting sling
Missiles
 v - 77 stones (quivered)
Armour
 c - a +0 robe
 d - a +0 pair of boots (worn)
 h - a scarf of resistance (worn)
 A - a +2 animal skin (worn)
 B - a +0 helmet (worn)
Jewellery
 n - an uncursed amulet of the acrobat {unknown}
 q - an uncursed amulet of reflection {unknown}
 s - an uncursed ring of ice {unknown}
Wands
 t - a wand of paralysis (17)
 u - a wand of flame (14)
Scrolls
 f - 2 scrolls of amnesia {unknown}
 i - 2 scrolls of blinking {unknown}
 k - a scroll of immolation {unknown}
 l - a scroll of random uselessness {unknown}
 m - a scroll of enchant armour {unknown}
 p - a scroll of remove curse {unknown}
 w - 2 scrolls of identify {unknown}
 y - a scroll of teleportation {unknown}
Potions
 e - a potion of berserk rage {unknown}
 g - a potion of haste {unknown}
 j - a potion of ambrosia {unknown}
 o - 3 potions of curing {unknown}
 r - a potion of lignification {unknown}
 x - 2 potions of heal wounds {unknown}
 z - 2 potions of flight {unknown}
 C - 2 potions of cancellation {unknown}


   Skills:
 + Level 4.9 Dodging
 - Level 2.4 Stealth
 + Level 4.6 Spellcasting
 * Level 7.8 Ice Magic


You had 8 spell levels left.
You knew the following spells:

 Your Spells              Type           Power        Failure   Level
a - Freeze                Ice            ####         1%          1
b - Frozen Ramparts       Ice            #####.       1%          3
c - Ozocubu's Armour      Ice            #####...     1%          3

Your spell library contained the following spells:

 Spells                   Type           Power        Failure   Level
 Hailstorm                Conj/Ice       ###.....     22%         4
 Summon Ice Beast         Ice/Summ       ###.....     22%         4


Dungeon Overview and Level Annotations

Branches:
Dungeon (4/15)              Sewer (visited)
 Temple: D:4-7

Altars:
Fedhas
Qazlal


Message History

The puff of flame hits you. You resist.
* * * LOW HITPOINT WARNING * * *
There is an open door, spattered with blood here.
You barely miss something.
The orc wizard shouts!
You hear some strange, mumbled words.
A magic dart appears from out of thin air!
The magic dart hits you.
* * * LOW HITPOINT WARNING * * *
Casting: Frozen Ramparts (safe; 1% risk of failure)
Confirm with . or Enter, or press ? or * to list all spells.
Press: ? - help, Shift-Dir - straight line You freeze something.
Casting: Freeze (safe; 1% risk of failure)
Confirm with . or Enter, or press ? or * to list all spells.
Press: ? - help, Shift-Dir - straight line There's nothing close enough!
You hear some strange, mumbled words.
A magic dart appears from out of thin air!
The magic dart hits you.
You die...

.......####.....# #.........
.................# #.........
.................+ #.........
.................## #.[.......
.........o........# ##....####
..................# #....#
<.................# #....#
...........).{....####....####
#......#####@##....####......
#......# #)†.#....# #......
#...o..# #...#....# #......
#......# #####....####......
#..o...# #......####....
#......# #......# #....
#.o....# #......# #....
#.###### #......# #.... ..
#......+ #....


You could see an orc wizard.

Vanquished Creatures
  A sky beast (D:3)
  A big kobold (Sewer)
  A hound (D:4)
  An orc wizard (D:3)
  An orc priest (D:4)
  Terence (D:3)
  Robin (D:3)
  5 gnolls
  3 adders
  3 river rats (Sewer)
  An ooze (D:2)
  4 dart slugs
  5 leopard geckos
  11 orcs
  8 bats
  5 giant cockroaches
  12 goblins
  10 hobgoblins
  2 jackals (Sewer)
  2 quokkas
  4 frilled lizards
  12 kobolds
  13 rats
107 creatures vanquished.

Vanquished Creatures (others)
  8 fungi (D:3)
  6 plants (D:3)
14 creatures vanquished.

Grand Total: 121 creatures vanquished

Notes
Turn   | Place    | Note
-------+----------+-------------------------------------------
     0 | D:1      | Glalom the Deep Elf Ice Elementalist began the quest for
                  | the Orb.
     0 | D:1      | Reached XP level 1. HP: 10/10 MP: 6/6
    10 | D:1      | Reached XP level 2. HP: 3/15 MP: 3/8
   927 | D:1      | Reached skill level 5 in Ice Magic
   927 | D:1      | Reached XP level 3. HP: 19/19 MP: 8/10
   932 | D:1      | Learned a level 3 spell: Frozen Ramparts
   936 | D:1      | Learned a level 3 spell: Ozocubu's Armour
  1802 | D:2      | Found a stormy altar of Qazlal.
  1811 | D:2      | Reached XP level 4. HP: 24/24 MP: 8/12
  2069 | D:2      | Reached skill level 6 in Ice Magic
  2070 | D:2      | HP: 1/24 [gnoll/+0 spear (5)]
  2514 | D:2      | Found a blossoming altar of Fedhas.
  2858 | D:3      | Reached XP level 5. HP: 28/28 MP: 4/13
  2940 | D:3      | Noticed Terence
  2946 | D:3      | Killed Terence
  3167 | D:3      | Found a glowing drain.
  3185 | Sewer    | Entered a sewer
  3389 | Sewer    | Reached skill level 7 in Ice Magic
  3389 | Sewer    | Reached XP level 6. HP: 28/32 MP: 8/14
  3506 | Sewer    | Found a white marble altar of Elyvilon.
  3625 | D:3      | Noticed Robin
  3634 | D:3      | Killed Robin
  3928 | D:3      | Noticed a sky beast
  3935 | D:3      | Killed a sky beast
  4252 | D:2      | Became a worshipper of Qazlal Stormbringer
  4429 | D:3      | Found a blossoming altar of Fedhas.
  4717 | D:4      | Reached XP level 7. HP: 18/36 MP: 11/15
  4739 | D:4      | Killed from afar by an orc wizard

Illustrated notes

Levels and vault maps discovered:
D:1:      wander_arrival_lonely_grave, layout_loops_corners,
          hangedman_abyss_or_decor_stabs
D:2:      layout_loops_ring, nicolae_overflow_hidden_temple, lemuel_round_altar
D:3:      layout_loops_ring, portal_sewer_entry_f, fedhas_altar_3, uniq_terence,
          uniq_robin
D:4:      layout_gridville, overflow_temple_1_default, minmay_misc_feat_cross,
          kennysheep_diamond

Skill      XL: |  1  2  3  4  5 |
---------------+----------------+-----
Spellcasting   | 4 |  4.6
Ice Magic      | 5 6 7 |  7.8
Dodging        | 3 4 |  4.9
Stealth        | |  2.4

Action                   |  1- 3 |  4- 6 |  7- 9 || total
-------------------------+-------+-------+-------++-------
Melee: Dagger            |     9 |    12 |     1 ||    22
 Fire: Hunting sling     |       |     5 |       ||     5
 Cast: Freeze            |    47 |    76 |     2 ||   125
       Frozen Ramparts   |       |     8 |     1 ||     9
       Ozocubu's Armour  |       |     3 |       ||     3
 Stab: Sleeping          |     4 |     1 |       ||     5
Armor: Robe              |    10 |     8 |       ||    18
       Animal skin       |       |     5 |       ||     5
Dodge: Dodged            |    28 |    55 |       ||    83

Table legend: (Time is in decaauts)
 A = Elapsed time spent in this place.
 B = Non-inter-level travel time spent in this place.
 C = Inter-level travel time spent in this place.
 D = Time resting spent in this place.
 E = Time spent auto-exploring this place.
 F = Levels seen in this place.
 G = Mean time per level.
                   A        B        C        D        E       F      G
               +--------+--------+--------+--------+--------+-----+--------+
         Total |   4804 |   4566 |    238 |   1749 |   1943 |   5 |  960.8 |
       Dungeon |   4369 |   4131 |    238 |   1598 |   1781 |   4 | 1092.2 |
         Sewer |    435 |    435 |      0 |    151 |    162 |   1 |  435.0 |
               +--------+--------+--------+--------+--------+-----+--------+

Top non-repeatable levels by time:
     D:1: 1492 daAuts
     D:2: 1403 daAuts
     D:3: 1355 daAuts
   Sewer: 435 daAuts
     D:4: 118 daAuts
